 Dungeon Crawl Stone Soup version 0.18.1-48-g4cf74bf (webtiles) character file.

65 Alarkh the Shooter (level 3, -1/27 HPs)
             Began as a Mummy Hunter on Aug 11, 2016.
             Slain by Crazy Yiuf
             ... wielding a +2 quarterstaff of chaos
              (7 damage)
             ... on level 2 of the Dungeon.
             The game lasted 00:02:26 (2728 turns).

Alarkh the Shooter (Mummy Hunter)                   Turns: 2728, Time: 00:02:27

Health: -1/27      AC:  3    Str: 15    XL:     3   Next: 92%
Magic:  3/3        EV: 11    Int: 11    God:
Gold:   104        SH:  0    Dex: 12    Spells: 0 memorised, 2 levels left

rFire  x . .     SeeInvis .     b - +0 whip (venom)
rCold  + . .     Gourm    .     c - +0 leather armour
rNeg   + + +     Faith    .     (no shield)
rPois  ∞         Spirit   .     (no helmet)
rElec  .         Dismiss  .     (no cloak)
rCorr  .         Reflect  .     (no gloves)
SustAt .         Harm     .     (no boots)
MR     .....                    (no amulet)
Stlth  +.........               (no ring)
                                (no ring)

@: not resistant to hostile enchantments, very unstealthy
A: no food or potions, fire vulnerability, cold resistance 1, negative energy
resistance 3, torment resistance, unbreathing
a: no special abilities


You were on level 2 of the Dungeon.
You were not hungry.

You visited 1 branch of the dungeon, and saw 2 of its levels.

You collected 104 gold pieces.

Inventory:

Hand Weapons
 a - a +1 shortbow
 b - a +0 whip of venom (weapon)
 e - a +0 mace
 g - a +0 short sword
Missiles
 d - 20 arrows
Armour
 c - a +0 leather armour (worn)
Scrolls
 f - a scroll of enchant weapon {unknown}
 h - a scroll of fear
 i - a scroll of immolation
 j - 2 scrolls of remove curse
 k - a scroll of blinking {unknown}


   Skills:
 - Level 2.0 Fighting
 + Level 4.6 Bows
 - Level 1.5 Dodging
 - Level 0.7 Stealth


You had 2 spell levels left.
You didn't know any spells.

Dungeon Overview and Level Annotations

Branches:
Dungeon (2/15)

Altars:
Nemelex Xobeh
Pakellas
Vehumet

Annotations:
D:2 Crazy Yiuf


Innate Abilities, Weirdness & Mutations

You do not eat or drink.
Your flesh is vulnerable to fire.
You are immune to poison.
Your flesh is cold resistant.
You are immune to negative energy.
You are immune to unholy pain and torment.
You can survive without breathing.


Message History

The fungus is almost destroyed.
You hit the fungus.
You destroy the fungus!
Found a mace.
Crazy Yiuf the Enlightened comes into view.
He is wielding a quarterstaff of chaos.
You hit Crazy Yiuf but do no damage.
Crazy Yiuf hits you with a quarterstaff of chaos!
You closely miss Crazy Yiuf.
Crazy Yiuf screams, "Buddy arm high!"
Crazy Yiuf hits you with a quarterstaff of chaos!
Ouch! That really hurt!
* * * LOW HITPOINT WARNING * * *
You closely miss Crazy Yiuf. Crazy Yiuf completely misses you.
You hit Crazy Yiuf.
Crazy Yiuf is moderately wounded.
Crazy Yiuf barely misses you.
You barely miss Crazy Yiuf.
Crazy Yiuf is moderately wounded.
Crazy Yiuf hits you with a quarterstaff of chaos!
You die...

##..................#
#.# ##.
##......#######....###
#.# #.. ........#
#....# #.# #.#
.#...#### #.PPP# #.#
#.# .##### #.#P## #.#
#.# .# ##.## #.# #.#
.# #.## ####.# #.# .#
##.# #....####.# .#
#@## #####.....# .#
##g# #.##### .# #.#
#.# .## ... #(# ..#
#...# #.# ..# #..)#
###.### ..# #####
#.....# # ..# #.###.#
# ..# ### #.# #.# #


You could see Crazy Yiuf.

Vanquished Creatures
  2 adders (D:2)
  2 worms (D:2)
  A dart slug (D:2)
  A giant gecko (D:1)
  A giant cockroach (D:2)
  3 goblins (D:2)
  5 hobgoblins
  4 jackals (D:2)
  A quokka (D:2)
  2 ball pythons
  5 bats
  A giant newt (D:1)
  3 kobolds
  6 rats
  A fungus (D:2)
38 creatures vanquished.

Notes
Turn   | Place    | Note
--------------------------------------------------------------
     0 | D:1      | Alarkh the Mummy Hunter began the quest for the Orb.
     0 | D:1      | Reached XP level 1. HP: 16/16 MP: 1/1
   284 | D:1      | Reached XP level 2. HP: 14/22 MP: 2/2
  1263 | D:2      | Reached skill level 4 in Bows
  1277 | D:2      | Found a sparkling altar of Nemelex Xobeh.
  1458 | D:2      | Reached XP level 3. HP: 20/27 MP: 3/3
  2092 | D:2      | Found a radiant altar of Vehumet.
  2378 | D:2      | Found an oddly glowing altar of Pakellas.
  2720 | D:2      | Noticed Crazy Yiuf
  2728 | D:2      | Slain by Crazy Yiuf

Skill      XL: |  1  2 |
---------------+-------+-----
Bows           | 4 |  4.6
Fighting       | |  2.0
Dodging        | |  1.5
Stealth        | |  0.7

Action                   || total
-------------------------++-------
Melee: Mace              ||   108
       Whip              ||    48
 Fire: Shortbow          ||     1
  Use: Scroll            ||     5
Armor: Leather armour    ||    48
Dodge: Dodged            ||    99
